 Dungeon Crawl Stone Soup version 0.28.0 (webtiles) character file.

Game seed: 4003140929787607128

11 Asser the Poker (level 2, -1/36 HPs)
             Began as a Merfolk Berserker on Feb 10, 2022.
             Was a Follower of Trog.
             Slain by Terence (8 damage)
             ... on level 2 of the Dungeon.
             The game lasted 00:07:15 (561 turns).

Asser the Poker (Merfolk Berserker)                  Turns: 561, Time: 00:07:16

Health: -1/36      AC:  2    Str: 17    XL:     2   Next: 29%
Magic:  2/2        EV: 12    Int:  6    God:    Trog [*.....]
Gold:   3          SH:  0    Dex: 11    Spells: 1/1 levels left

rFire   + . .      SeeInvis .   a - +0 spear
rCold   . . .      Faith    .   (no shield)
rNeg    . . .      Spirit   .   b - +0 animal skin
rPois   .          Reflect  .   (no helmet)
rElec   .          Harm     .   (no cloak)
rCorr   .          Rampage  .   (no gloves)
Will    .....      Clarity  +   (no boots)
Stlth   ..........              (no amulet)
HPRegen 0.12/turn               (no ring)
MPRegen 0.08/turn               (no ring)

@: berserking, lethally poisoned (-1 -> -7), very quick
A: (nimble swimmer 2), mertail, clarity, clumsy 1, fire resistance 1
a: Renounce Religion, Berserk


You were on level 2 of the Dungeon.
You worshipped Trog.
Trog was aware of your devotion.
You visited 1 branch of the dungeon, and saw 2 of its levels.

You collected 3 gold pieces.

Inventory:

Hand Weapons
 a - a +0 spear (weapon)
Armour
 b - a +0 animal skin (worn)


   Skills:
 + Level 3.4 Fighting
 + Level 4.9 Polearms
 + Level 1.4 Armour
 + Level 3.1 Dodging


You had one spell level left.
You didn't know any spells.
Your spell library was empty.

Dungeon Overview and Level Annotations

Branches:
Dungeon (2/15)

Altars:

Annotations:
D:2 Terence


Innate Abilities, Weirdness & Mutations

((You are very nimble when in or above water. (Stealth+, EV+, Speed+++)))
Your lower body shifts to a powerful aquatic tail in water.
You possess an exceptional clarity of mind.
You are clumsy. (Dex -2)
Your flesh is heat resistant. (rF+)


Message History

Terence shouts!
Found a hand axe.
There is a stone staircase leading up here.
You climb upwards.
There is a stone staircase leading down here.
You hit the dart slug.
The dart slug is moderately wounded.
The dart slug bites you.
* * * LOW HITPOINT WARNING * * *
You puncture the dart slug!
The dart slug is almost dead.
You hit the dart slug.
You kill the dart slug!
Trog accepts your kill.
Your Dodging skill increases to level 3!
There is a stone staircase leading down here.
Okay, then.
There is a stone staircase leading down here.
You can't go up here!
You climb downwards.
Level annotation: Terence The adder hisses angrily.
Terence hits you with a +0 hand axe.
There is a stone staircase leading up here.
A red film seems to cover your vision as you go berserk!
You feel yourself moving faster!
You feel mighty! Terence hits you but does no damage.
You closely miss Terence. The adder misses you.
Terence hits you with a +0 hand axe.
You puncture Terence!
Terence is heavily wounded.
The adder bites you.
* * * LOW HITPOINT WARNING * * *
You are poisoned.
The adder poisons you!
You hit Terence.
Terence is heavily wounded.
* * * LOW HITPOINT WARNING * * *
You feel sick. Terence hits you with a +0 hand axe!
You die...

#. .. .#
####.####
#.......#
#.......#
#.###.......#
#.....@@S...#
#####.......#
#.......#
#....)..#
######.## .#
#


You could see Terence and an adder.

Vanquished Creatures
  A dart slug (D:1)
  A giant cockroach (D:1)
  2 goblins (D:1)
  A quokka (D:1)
  2 ball pythons (D:1)
  A bat (D:1)
  A frilled lizard (D:1)
  A rat (D:1)
10 creatures vanquished.

Notes
Turn   | Place    | Note
-------+----------+-------------------------------------------
     0 | D:1      | Asser the Merfolk Berserker began the quest for the Orb.
     0 | D:1      | Reached XP level 1. HP: 18/18 MP: 1/1
   320 | D:1      | Gained mutation: You are clumsy. (Dex -2) [potion of
                  | mutation]
   320 | D:1      | Gained mutation: You possess an exceptional clarity of
                  | mind. [potion of mutation]
   320 | D:1      | Gained mutation: Your flesh is heat resistant. (rF+)
                  | [potion of mutation]
   340 | D:1      | Reached XP level 2. HP: 12/24 MP: 2/2
   407 | D:2      | Noticed Terence
   561 | D:2      | Slain by Terence

Illustrated notes

Levels and vault maps discovered:
D:1:      minmay_arrival_stair_chambers, layout_basic, serial_bayou_pond_e,
          skrybe_limestone_x, patterned_corridor
D:2:      minmay_angry_zag, layout_loops_ring, serial_shops, shop, uniq_terence

Skill      XL: |  1  2 |
---------------+-------+-----
Dodging        | 3 |  3.1
Fighting       | |  3.4
Polearms       | |  4.9
Armour         | |  1.4

Action                   || total
-------------------------++-------
Melee: Spear             ||    50
       Punch             ||     1
Invok: Berserk           ||     2
  Use: Scroll            ||     1
       Potion            ||     1
Armor: Animal skin       ||    14
Dodge: Dodged            ||    33
